 Dungeon Crawl Stone Soup version 0.17.0 (webtiles) character file.

312069 Eucla the Skullcrusher (level 21, 0/291 HPs)
             Began as an Ogre Berserker on Nov 11, 2015.
             Was a High Priest of Okawaru.
             Shot with a bolt by a yaktaur (21 damage)
             ... on level 2 of the Depths on Nov 12, 2015.
             The game lasted 01:38:31 (48605 turns).

Eucla the Skullcrusher (Ogre Berserker)            Turns: 48605, Time: 01:38:31

Health: 0/291      AC: 13    Str: 28    XL:     21   Next: 30%
Magic:  21/21      EV: 27    Int:  6    God:    Okawaru [*****.]
Gold:   2789       SH:  0    Dex: 26    Spells: 0 memorised, 20 levels left

rFire  . . .     SeeInvis +     K - +5 giant spiked club "Raeppycesh" {vamp, +Blink rElec}
rCold  . . .     Clarity  .     k - +0 steam dragon armour
rNeg   . . .     SustAt   .     (shield currently unavailable)
rPois  .         Gourm    .     T - +1 hat {SInv}
rElec  +         Spirit   .     s - +1 cloak
rCorr  .         Warding  .     (gloves unavailable)
rMut   .         Stasis   .     (boots unavailable)
MR     ++...                    J - amulet of faith
Stlth  +++.......               i - +4 ring of protection
                                z - ring "Onuecoxt" {Dex+10 Stlth+}

@: very slightly contaminated, drained, very resistant to hostile enchantments,
fairly stealthy
A: unfitting armour, robust 1, tough skin 1
a: Heroism, Finesse, Renounce Religion, Evoke Blink
}: 2/15 runes: decaying, gossamer


You were on level 2 of the Depths.
You worshipped Okawaru.
Okawaru was extremely pleased with you.
You were full.

You visited 9 branches of the dungeon, and saw 41 of its levels.
You also visited: Trove, Bailey, Ice Cave and Wizlab.

You collected 3727 gold pieces.
You spent 938 gold pieces at shops.

Inventory:

Hand Weapons
 r - the +1 giant club of the Common Good {crush, Int+3 Dex+2, unknown}
   (You found it in a treasure trove)

   It inflicts extra damage upon your enemies.
   It affects your intelligence (+3).
   It affects your dexterity (+2).
 t - the +4 giant club of Psychosis {freeze, MR+ Str+5}
   (Trog gifted it to you on level 1 of the Swamp)

   It has been specially enchanted to freeze those struck by it, causing extra
   injury to most foes and up to half again as much damage against particularly
   susceptible opponents.
   It can also slow down cold-blooded creatures.
   It affects your strength (+5).
   It affects your resistance to hostile enchantments.
 v - the +4 giant club "Plog" {venom, rPois rF+ Str+4}
   (Trog gifted it to you on level 14 of the Dungeon)

   It poisons the flesh of those it strikes.
   It affects your strength (+4).
   It protects you from fire.
   It protects you from poison.
 D - the +8 great mace "Qacilu" {freeze, Str+3}
   (Trog gifted it to you on level 4 of the Swamp)

   It has been specially enchanted to freeze those struck by it, causing extra
   injury to most foes and up to half again as much damage against particularly
   susceptible opponents.
   It can also slow down cold-blooded creatures.
   It affects your strength (+3).
 K - the +5 giant spiked club "Raeppycesh" (weapon) {vamp, +Blink rElec}
   (Trog gifted it to you on level 4 of the Lair of Beasts)

   It inflicts no extra harm, but heals its wielder somewhat when it strikes a
   living foe.
   It insulates you from electricity.
   It lets you blink.
Missiles
 O - 21 large rocks (quivered)
Armour
 k - a +0 steam dragon armour (worn)
 s - a +1 cloak (worn)
 T - a +1 hat of see invisible (worn)
Jewellery
 a - the ring "Yphemagh" {rC+ Slay+4}
   (You found it in a treasure trove)

   [ring of protection from cold]

   It affects your accuracy and damage with ranged weapons and melee attacks
   (+4).
   It protects you from cold.
 f - an uncursed ring of sustain attributes
 i - a +4 ring of protection (right hand)
 z - the ring "Onuecoxt" (left hand) {Dex+10 Stlth+}
   (You found it in a treasure trove)

   [ring of stealth]

   It affects your dexterity (+10).
   It makes you more stealthy.
 G - an uncursed ring of poison resistance
 J - an amulet of faith (around neck)
 L - an uncursed ring of protection from fire {unknown}
 U - an uncursed ring of see invisible
Wands
 o - a wand of teleportation (3)
 x - a wand of heal wounds (4)
 P - a wand of draining (13)
Scrolls
 d - 5 scrolls of enchant armour
 g - 6 scrolls of teleportation
 j - a scroll of fog
 u - 14 scrolls of remove curse
 y - 9 scrolls of enchant weapon
 E - a scroll of magic mapping
 H - a scroll of silence
 W - 5 scrolls of recharging
 Y - 3 scrolls of fear
 Z - a scroll of holy word
Potions
 h - 5 potions of invisibility
 l - a potion of brilliance
 q - 2 potions of resistance
 w - 4 potions of curing
 A - 3 potions of haste
 B - 5 potions of might
 C - 7 potions of agility
 F - 4 potions of flight
 I - a potion of berserk rage
 M - 5 potions of magic
 V - a potion of cancellation {unknown}
Miscellaneous
 b - a lamp of fire
 e - a box of beasts
 m - a stone of tremors
 N - a sack of spiders
Comestibles
 c - 19 bread rations
 n - 22 royal jellies
 S - 9 meat rations


   Skills:
 O Level 27(26.4) Fighting
 O Level 27(26.4) Maces & Flails
 + Level 16.0(15.6) Dodging


You had 20 spell levels left.
You didn't know any spells.

Dungeon Overview and Level Annotations

Branches:
Dungeon (15/15)            Temple (1/1) D:5            Lair (8/8) D:10
  Swamp (4/4) Lair:5       Spider (4/4) Lair:4        Slime (0/6) Lair:6
    Orc (4/4) D:12            Elf (2/3) Orc:4        Vaults (1/5) D:14
 Depths (2/5) D:15

Altars:
Ashenzari
Cheibriados
Dithmenos
Elyvilon
Fedhas
Gozag
Kikubaaqudgha
Makhleb
Nemelex Xobeh
Okawaru
Qazlal
Ru
Sif Muna
Trog
Vehumet
Xom
Yredelemnul
Zin
The Shining One
Beogh
Jiyva

Shops:
D:5 [[*[   D:7 [[?[(   D:10 *   D:11 !([   D:13 :   Orc:4 }[%!   Elf:2 *
Vaults:1 *

Portals:
Hell: Depths:1
Abyss: Depths:1
Pandemonium: Orc:4

Annotations:
D:3 1 runed door
Swamp:2 exclusion: oklob plant
Elf:2 1 runed door


Innate Abilities, Weirdness & Mutations

You are too large for most types of armour.
You have tough skin (AC +1).
You are robust (+10% HP).


Message History

Read which item? (? for menu, Esc to quit)
Okay, then.
Drink which item? (? for menu, Esc to quit)
Okay, then.
Read which item? (? for menu, Esc to quit)
Blink to where?
Press: ? - help, Dir - move target cursor You are very lightly contaminated with residual magic.
As you read the scroll of blinking, it crumbles to dust.
The yaktaur wields an uncursed arbalest.
The yaktaur shoots a bolt of frost.
The bolt of frost barely misses you.
The yaktaur wields an uncursed arbalest.
The yaktaur shoots a bolt of flame.
The bolt of flame hits you!
* * * LOW HITPOINT WARNING * * *
The bolt of flame burns you.
* * * LOW HITPOINT WARNING * * *
The bolt of flame shimmers and vanishes!
The yaktaur wields an uncursed arbalest of velocity.
The yaktaur shoots a bolt.
The bolt hits you!!
You die...

###################### ####
......(.((..(........#### #...
.%....§.....)(.......#..#####.≈≈
.......ccc...(.(.....'......'.≈≈
......c.§c((.(.@.....#.######.≈#
.......cc............#.# #.≈#
....(R.........[...(.#.# #.≈#
.............(.......#.# #.≈≈
.....................#.# #...
.....................#.# ####
.....................#.#
#########+####+######.#


You could see 4 yaktaurs.

Vanquished Creatures
  Nikola (Spider:1)
  A Hellbinder (WizLab)
  Rupert (Lair:4)
  2 liches
  A tentacled monstrosity (Swamp:3)
  Gastronok (D:9)
  An octopode crusher (Depths:1)
  The ghost of Ark the Devastator, an adept HOFE of Vehumet (Swamp:1)
  3 thorn hunters (Swamp:4)
  Kirke (Spider:2)
  Roxanne (Elf:2)
  An orc warlord (Elf:2)
  A balrug (WizLab)
  A deep elf sorcerer (Elf:1)
  A frost giant (IceCv)
  3 ghost moths (Spider:4)
  Aizul (Elf:1)
  Louise (Depths:1)
  3 emperor scorpions
  2 vault wardens (Vaults:1)
  A caustic shrike zombie (Depths:2)
  A reaper (WizLab)
  8 stone giants
  The ghost of Ark the Protected, a journeyman HOMo of Qazlal (Lair:8)
  A deep elf demonologist (WizLab)
  An ettin (Depths:1)
  A merfolk javelineer (Depths:1)
  Snorg (Lair:4)
  A green death (WizLab)
  A blizzard demon (WizLab)
  2 great orbs of eyes
  6 fire dragons
  5 yaktaur captains
  2 vault guards (D:14)
  2 rakshasas
  2 entropy weavers (Depths:1)
  2 catoblepae
  A spriggan air mage (Depths:1)
  A hell beast (Depths:1)
  12 centaur warriors
  5 ice dragons
  Erica (D:11)
  20 hydras
  7 orc high priests (Orc:4)
  17 dancing weapons (Elf:2)
  4 tengu warriors
  4 ogre magi
  A death yak (IceCv)
  10 alligators
  27 slime creatures
  Urug (D:15)
  10 spriggans
  A soul eater (WizLab)
  The ghost of dsb250 the Cleaver, a novice MiFi of Okawaru (D:8)
  The ghost of Ultraviolent4 the Archer, a novice CeAM of Zin (Bailey)
  18 deep elf knights
  2 small abominations
  5 skeletal warriors (D:15)
  3 spriggan druids
  2 giant orange brains (Depths:1)
  3 unseen horrors
  2 ice devils
  7 deep elf summoners
  An iron troll (Depths:1)
  A hill giant (shapeshifter) (Elf:1)
  6 swamp dragons
  A torturous demonspawn (Orc:4)
  2 shambling mangroves
  2 necromancers
  4 deep trolls
  16 orc knights
  A harpy (Vaults:1)
  4 ironbrand convokers (Vaults:1)
  2 wizards (D:14)
  6 orb spiders
  16 deep elf conjurers
  18 ugly things
  24 hill giants
  2 griffons
  4 moths of wrath
  24 wolf spiders
  5 cyclopes
  4 manticores
  9 hornets
  4 orc sorcerers (Orc:4)
  A moth of wrath (shapeshifter) (Elf:1)
  A centaur zombie (D:13)
  13 elephants
  Maurice (D:8)
  A molten gargoyle (D:13)
  3 torpor snails
  A vault sentinel (Vaults:1)
  6 black mambas
  10 komodo dragons
  A redback zombie (D:13)
  4 rust devils
  14 demonic crawlers
  24 spiny frogs
  2 kobold demonologists
  A spriggan skeleton (Depths:2)
  20 yaktaurs
  A golden dragon simulacrum (Depths:2)
  2 blue devils
  4 red devils
  4 fire drakes
  5 trolls
  6 deep elf priests
  2 boulder beetles
  15 jumping spiders
  31 polar bears
  A merfolk (shapeshifter) (Elf:1)
  2 queen bees
  5 giant leeches
  14 two-headed ogres
  25 blink frogs
  2 raiju (Lair:8)
  A blink frog (shapeshifter) (D:13)
  2 shadows
  9 bog bodies
  A frost giant simulacrum (Depths:2)
  A centaur simulacrum (D:14)
  4 water elementals
  17 trapdoor spiders
  Sigmund (D:4)
  A ynoxinul (WizLab)
  A fire elemental (D:13)
  3 flying skulls (Depths:1)
  6 hippogriffs
  A fire bat (shapeshifter) (D:15)
  2 wyverns (D:10)
  27 tarantellas
  27 deep elf magi
  5 hogs (Spider:2)
  Eustachio (D:4)
  51 redbacks
  A hill giant zombie (D:12)
  5 steam dragons
  3 basilisks
  37 wolves
  73 yaks
  23 deep elf fighters
  35 vampire mosquitoes
  21 humans (D:14)
  7 wargs
  4 insubstantial wisps (Swamp:4)
  Edmund (D:4)
  4 mottled dragons
  A soldier ant (shapeshifter) (D:14)
  29 swamp worms
  48 orc warriors
  10 spiders
  20 black bears
  9 ice beasts
  12 swamp drakes
  17 wasps
  23 water moccasins
  An eye of draining (D:12)
  3 hell hounds
  2 sky beasts
  13 porcupines
  7 boggarts
  5 phantoms
  20 crocodiles
  34 ogres
  21 centaurs
  4 big kobolds
  19 giant frogs
  A wyvern zombie (D:14)
  3 scorpions
  3 troll zombies (D:12)
  10 wights
  2 lava snakes (D:13)
  49 killer bees
  13 electric eels
  5 crimson imps
  3 giant frog zombies
  17 hounds
  3 jellies
  2 quasits
  4 giant frog skeletons
  41 orc priests
  23 orc wizards
  7 worker ants
  6 centaur skeletons
  A human skeleton (D:3)
  6 iguanas
  A gnoll shaman (D:4)
  16 sheep
  4 ogre zombies (D:12)
  A hound zombie (D:10)
  A worker ant zombie (D:7)
  16 gnolls
  5 adders
  64 river rats
  A shadow imp (D:7)
  An adder zombie (D:7)
  3 worms (D:2)
  5 giant geckos
  168 orcs
  2 ball pythons
  5 bats
  5 giant cockroaches
  18 goblins
  25 hobgoblins
  12 jackals
  8 quokkas
  3 giant gecko skeletons
  3 giant newts
  2 goblin zombies (D:12)
  A hobgoblin skeleton (D:12)
  3 hobgoblin zombies (D:12)
  2 jackal skeletons
  22 kobolds
  2 orc skeletons (D:12)
  16 orc zombies (D:12)
  2 quokka skeletons
  4 rats
  2 briar patches (Swamp:4)
  A fungus (Lair:8)
  3 plants (Lair:8)
1909 creatures vanquished.

Vanquished Creatures (collateral kills)
  An orc warlord (Bailey)
  2 hydras (Swamp:4)
  3 swamp dragons
  4 orb spiders (Spider:4)
  6 wolf spiders (Spider:4)
  2 hornets (Spider:4)
  A demonic crawler (Spider:4)
  2 jumping spiders (Spider:4)
  A polar bear (Lair:8)
  A trapdoor spider (Spider:4)
  A tarantella (Spider:4)
  A warg (Lair:8)
  A hell hound (Lair:8)
  2 orc warriors (Bailey)
  3 black bears (Lair:8)
  2 wasps (Spider:4)
  An orc (Bailey)
34 creatures vanquished.

Vanquished Creatures (others)
  A redback (Spider:3)
  A trapdoor spider (Spider:1)
  A deep elf fighter (Elf:2)
  A wasp (Swamp:4)
  2 boggarts (Depths:1)
  A briar patch (Swamp:4)
  6 fungi
  17 plants
30 creatures vanquished.

Grand Total: 1973 creatures vanquished

Notes
Turn   | Place    | Note
--------------------------------------------------------------
     0 | D:1      | Eucla the Ogre Berserker began the quest for the Orb.
     0 | D:1      | Reached XP level 1. HP: 24/24 MP: 1/1
   140 | D:1      | Reached XP level 2. HP: 13/32 MP: 2/2
   580 | D:2      | Reached XP level 3. HP: 37/40 MP: 3/3
   933 | D:2      | Found a stormy altar of Qazlal.
  1126 | D:2      | Reached skill level 5 in Maces & Flails
  1147 | D:2      | Found a deep blue altar of Sif Muna.
  1256 | D:2      | Found a snail-covered altar of Cheibriados.
  1262 | D:2      | Reached ** piety under Trog
  1313 | D:2      | Reached XP level 4. HP: 33/49 MP: 4/4
  1374 | D:2      | Found a faded altar to an unknown god.
  1608 | D:3      | Reached skill level 5 in Fighting
  1615 | D:3      | Reached XP level 5. HP: 36/57 MP: 5/5
  1673 | D:3      | Found a runed door.
  1673 | D:3      | Noticed a human
  1674 | D:3      | Found a basalt altar of Yredelemnul.
  1979 | D:3      | Reached skill level 6 in Maces & Flails
  2133 | D:4      | Found Zin's Purification Station.
  2134 | D:4      | Found a glowing silver altar of Zin.
  2165 | D:4      | Reached XP level 6. HP: 34/66 MP: 6/6
  2188 | D:4      | Reached *** piety under Trog
  2231 | D:4      | Found an ancient bone altar of Kikubaaqudgha.
  2262 | D:4      | Noticed Sigmund
  2273 | D:4      | Killed Sigmund
  2273 | D:4      | Reached skill level 7 in Maces & Flails
  2498 | D:4      | Noticed Edmund
  2518 | D:4      | Reached XP level 7. HP: 75/75 MP: 7/7
  2589 | D:4      | Killed Edmund
  2589 | D:4      | Reached skill level 8 in Maces & Flails
  2748 | D:4      | Noticed Eustachio
  2780 | D:4      | Killed Eustachio
  2780 | D:4      | Reached skill level 5 in Dodging
  2887 | D:5      | Entered Level 5 of the Dungeon
  2929 | D:5      | Reached skill level 9 in Maces & Flails
  2929 | D:5      | Reached XP level 8. HP: 56/84 MP: 8/8
  3059 | D:5      | Found a staircase to the Ecumenical Temple.
  3152 | D:5      | Found Gila's Armour Shop.
  3213 | D:5      | Found Cuphuv's General Store.
  3254 | D:5      | Found a shadowy altar of Dithmenos.
  3267 | D:5      | Found Qap Keush's Antique Armour Shoppe.
  3317 | D:5      | Found a blossoming altar of Fedhas.
  3393 | D:5      | Found Hemaw's Antique Armour Boutique.
  3398 | D:5      | Bought a slimy robe for 125 gold pieces
  3408 | D:5      | Identified the +1 robe of the Peculiar Spirits {rElec Regen+ Str+4} (You bought it in a shop on level 5 of the Dungeon)
  3818 | D:6      | Reached skill level 10 in Maces & Flails
  3848 | D:6      | Reached **** piety under Trog
  3997 | D:6      | Reached XP level 9. HP: 96/96 MP: 9/9
  4091 | D:6      | Reached skill level 11 in Maces & Flails
  4422 | D:7      | Identified a +0 rod of inaccuracy (13/13) (You found it on level 7 of the Dungeon)
  4569 | D:7      | Found Ovvem's Armour Shoppe.
  4792 | D:7      | Found a white marble altar of Elyvilon.
  4835 | D:7      | Found Pumua's Antique Armour Boutique.
  4842 | D:7      | Reached skill level 12 in Maces & Flails
  4843 | D:7      | Found Vutrus's Magic Scroll Shop.
  4889 | D:7      | Bought a scroll of blinking for 105 gold pieces
  5090 | D:7      | Found Egayxud's Antique Weapon Boutique.
  5103 | D:7      | Reached XP level 10. HP: 107/109 MP: 10/10
  5166 | D:7      | Found a blossoming altar of Fedhas.
  5384 | D:7      | Found a basalt altar of Yredelemnul.
  5419 | D:7      | Found Zute's Armour Shop.
  5497 | D:8      | Reached skill level 13 in Maces & Flails
  5571 | D:8      | HP: 1/165 [very large slime creature (44)]
  5573 | D:8      | Reached skill level 10 in Fighting
  5718 | D:8      | Noticed dsb250's ghost (novice MiFi)
  5729 | D:8      | Noticed Maurice
  5730 | D:8      | Killed dsb250's ghost
  5744 | D:8      | Killed Maurice
  5772 | D:8      | Reached skill level 14 in Maces & Flails
  5886 | D:8      | Found a flagged portal.
  5895 | Bailey   | Entered a bailey
  5923 | Bailey   | Reached ***** piety under Trog
  5975 | Bailey   | Noticed Ultraviolent4's ghost (novice CeAM)
  5986 | Bailey   | Killed Ultraviolent4's ghost
  6049 | Bailey   | Noticed an orc knight
  6065 | Bailey   | Killed an orc knight
  6074 | Bailey   | Reached XP level 11. HP: 120/120 MP: 11/11
  6233 | Bailey   | Noticed an orc knight
  6260 | Bailey   | Killed an orc knight
  6260 | Bailey   | Reached skill level 15 in Maces & Flails
  6301 | Bailey   | Noticed an orc warlord
  6311 | Bailey   | Killed an orc warlord
  6323 | Bailey   | Received a gift from Trog
  7059 | D:9      | Noticed Gastronok
  7069 | D:9      | Killed Gastronok
  7239 | D:9      | Noticed an unseen horror
  7253 | D:9      | Killed an unseen horror
  7253 | D:9      | Reached skill level 16 in Maces & Flails
  7953 | D:10     | Entered Level 10 of the Dungeon
  8060 | D:10     | Found a staircase to the Lair.
  8128 | D:10     | Noticed a hill giant
  8165 | D:10     | Killed a hill giant
  8265 | D:10     | Received a gift from Trog
  8396 | D:10     | Gained mutation: You are robust (+10% HP). [potion of beneficial mutation]
  8397 | D:10     | Reached skill level 15 in Fighting
  8397 | D:10     | Reached XP level 12. HP: 132/157 MP: 12/12
  8454 | D:10     | Found Jeofrog's General Store.
  8462 | D:10     | Bought a scroll of enchant armour for 75 gold pieces
  8784 | D:10     | Reached XP level 13. HP: 165/165 MP: 13/13
  8931 | Lair:1   | Entered Level 1 of the Lair of Beasts
  8998 | Lair:1   | Reached ****** piety under Trog
  9840 | Lair:1   | Reached skill level 17 in Maces & Flails
 10219 | Lair:2   | Got a steaming whip
 10220 | Lair:2   | Identified the +6 whip of Zuypymm {flame, rC+ Stlth+} (You found it on level 2 of the Lair of Beasts)
 10756 | Lair:2   | You fall through a shaft!
 10857 | Lair:3   | Received a gift from Trog
 11308 | Lair:3   | Reached skill level 10 in Dodging
 11585 | Lair:3   | Reached skill level 18 in Maces & Flails
 12139 | Lair:4   | Received a gift from Trog
 12200 | Lair:4   | Got a dazzling giant spiked club {god gift}
 12204 | Lair:4   | Identified the +5 giant spiked club "Raeppycesh" {vamp, +Blink rElec} (Trog gifted it to you on level 4 of the Lair of Beasts)
 12209 | Lair:4   | Found a hole to the Spider Nest.
 12298 | Lair:4   | Noticed Snorg
 12298 | Lair:4   | Noticed Rupert
 12298 | Lair:4   | Paralysed by Rupert for 2 turns
 12314 | Lair:4   | Killed Rupert
 12319 | Lair:4   | Killed Snorg
 13095 | Lair:5   | HP: 2/169 [yak (15)]
 13328 | Lair:4   | Reached XP level 14. HP: 120/179 MP: 14/14
 13607 | Lair:5   | Received a gift from Trog
 13652 | Lair:5   | Reached skill level 19 in Maces & Flails
 14069 | Lair:5   | Found a staircase to the Swamp.
 14594 | Lair:6   | Received a gift from Trog
 15110 | Lair:6   | Found a viscous altar of Jiyva.
 15111 | Lair:6   | Found a staircase to the Slime Pits.
 15587 | Lair:7   | Received a gift from Trog
 15627 | Lair:7   | Reached skill level 20 in Maces & Flails
 16020 | Lair:7   | Found a bloodstained altar of Trog.
 16292 | Lair:8   | Entered Level 8 of the Lair of Beasts
 16359 | Lair:8   | Received a gift from Trog
 16442 | Lair:8   | Noticed Ark's ghost (journeyman HOMo)
 16446 | Lair:8   | Killed Ark's ghost
 16777 | Lair:8   | Reached XP level 15. HP: 179/193 MP: 15/15
 17015 | Lair:8   | Received a gift from Trog
 17107 | Lair:8   | Reached skill level 21 in Maces & Flails
 17513 | Lair:8   | Received a gift from Trog
 17527 | Lair:8   | Got a warped dire flail {god gift}
 17528 | Lair:8   | Identified the +9 dire flail "Tametorr" {crush, rElec rF- SInv} (Trog gifted it to you on level 8 of the Lair of Beasts)
 18369 | D:11     | Noticed Erica
 18374 | D:11     | Killed Erica
 18437 | D:11     | Found Gupsue's Assorted Antiques.
 18562 | D:11     | Found Hihus's Weapon Shop.
 18572 | D:11     | Found Xot Fenk's Antique Armour Shoppe.
 18758 | D:11     | Found Juzung's Distillery.
 18761 | D:11     | Bought a potion of heal wounds for 90 gold pieces
 18761 | D:11     | Bought a potion of heal wounds for 90 gold pieces
 18887 | D:12     | Found a staircase to the Orcish Mines.
 19213 | D:12     | Received a gift from Trog
 20009 | D:13     | Found Roes's Book Shoppe.
 20932 | D:13     | Reached skill level 22 in Maces & Flails
 21238 | D:14     | Received a gift from Trog
 21264 | D:14     | Got a fine giant club {god gift}
 21265 | D:14     | Identified the +4 giant club "Plog" {venom, rPois rF+ Str+4} (Trog gifted it to you on level 14 of the Dungeon)
 21402 | D:14     | Reached XP level 16. HP: 206/206 MP: 16/16
 21455 | D:14     | Found a gate to the Vaults.
 21676 | D:14     | Received a gift from Trog
 21849 | D:14     | Found a bloodstained altar of Trog.
 22302 | D:15     | Entered Level 15 of the Dungeon
 22391 | D:15     | Noticed Urug
 22438 | D:15     | Killed Urug
 22438 | D:15     | Reached skill level 23 in Maces & Flails
 22478 | D:15     | Received a gift from Trog
 22714 | D:15     | Found a staircase to the Depths.
 23227 | Orc:1    | Entered Level 1 of the Orcish Mines
 23264 | Orc:1    | Received a gift from Trog
 23341 | Orc:1    | Found a frozen archway.
 23394 | IceCv    | Entered an ice cave
 23735 | IceCv    | Received a gift from Trog
 23742 | IceCv    | Got a polished giant club {god gift}
 23805 | IceCv    | Reached XP level 17. HP: 221/221 MP: 17/17
 25254 | Orc:1    | Identified the +8 giant club of Ambiguity {antimagic, Dex+2} (Trog gifted it to you in an ice cave)
 25279 | Orc:1    | Received a gift from Trog
 25935 | Orc:3    | Received a gift from Trog
 26069 | Orc:3    | Received a gift from Trog
 26502 | Orc:4    | Entered Level 4 of the Orcish Mines
 26595 | Orc:4    | Found Qemmief's Food Emporium.
 26596 | Orc:4    | Found Nynec's Distillery.
 26609 | Orc:4    | Reached skill level 24 in Maces & Flails
 26673 | Orc:4    | Bought a potion of resistance for 140 gold pieces
 26673 | Orc:4    | Bought a potion of curing for 42 gold pieces
 26673 | Orc:4    | Bought a potion of curing for 42 gold pieces
 26930 | Orc:4    | Found a staircase to the Elven Halls.
 27109 | Orc:4    | Received a gift from Trog
 27343 | Orc:4    | Found Hariorphosod's Antique Armour Shop.
 27343 | Orc:4    | Found a one-way gate leading to the halls of Pandemonium.
 27343 | Orc:4    | Found Jyask's Gadget Boutique.
 27345 | Orc:4    | Bought an embroidered cloak for 153 gold pieces
 27844 | Swamp:1  | Entered Level 1 of the Swamp
 27844 | Swamp:1  | Noticed Ark's ghost (adept HOFE)
 27964 | Swamp:1  | Received a gift from Trog
 27971 | Swamp:1  | Killed Ark's ghost
 27989 | Swamp:1  | Got a bloodstained giant club {god gift}
 27990 | Swamp:1  | Identified the +4 giant club of Psychosis {freeze, MR+ Str+5} (Trog gifted it to you on level 1 of the Swamp)
 28979 | Swamp:2  | Received a gift from Trog
 29104 | Swamp:2  | Reached skill level 25 in Maces & Flails
 29960 | Swamp:3  | Noticed a tentacled monstrosity
 29971 | Swamp:3  | Killed a tentacled monstrosity
 29985 | Swamp:3  | Reached XP level 18. HP: 141/234 MP: 18/18
 30164 | Swamp:3  | Received a gift from Trog
 30383 | Swamp:4  | Entered Level 4 of the Swamp
 30491 | Swamp:4  | Reached skill level 26 in Maces & Flails
 30520 | Swamp:4  | HP: 8/234 [vampire mosquito (9)]
 30537 | Swamp:4  | HP: 11/234 [six-headed hydra (2)]
 31441 | Swamp:4  | Received a gift from Trog
 31444 | Swamp:4  | Got an encrusted great mace {god gift}
 31445 | Swamp:4  | Identified the +8 great mace "Qacilu" {freeze, Str+3} (Trog gifted it to you on level 4 of the Swamp)
 31465 | Swamp:4  | Got a decaying rune of Zot
 31911 | Spider:1 | Entered Level 1 of the Spider Nest
 32135 | Spider:1 | Received a gift from Trog
 32151 | Spider:1 | Reached skill level 27 in Maces & Flails
 32168 | Spider:1 | Noticed Nikola
 32181 | Spider:1 | Killed Nikola
 32755 | Spider:2 | Received a gift from Trog
 33242 | Spider:2 | Noticed Kirke
 33263 | Spider:2 | Killed Kirke
 33831 | Spider:3 | Received a gift from Trog
 33840 | Spider:3 | Reached XP level 19. HP: 248/248 MP: 19/19
 34474 | Spider:4 | Entered Level 4 of the Spider Nest
 34568 | Spider:4 | Received a gift from Trog
 34950 | Spider:4 | Received a gift from Trog
 35592 | Spider:4 | Received a gift from Trog
 35595 | Spider:4 | Got a bloodstained giant spiked club {god gift}
 35596 | Spider:4 | Identified the +5 giant spiked club of Anger {antimagic, +Rage Int+3 Dex-4} (Trog gifted it to you on level 4 of the Spider Nest)
 36159 | Spider:4 | Got a gossamer rune of Zot
 36721 | Temple   | Entered the Ecumenical Temple
 36985 | Temple   | Fell from the grace of Trog
 36985 | Temple   | Became a worshipper of Warmaster Okawaru
 37364 | Elf:1    | Entered Level 1 of the Elven Halls
 37719 | Elf:1    | Noticed Aizul
 37736 | Elf:1    | Killed Aizul
 37736 | Elf:1    | Reached * piety under Okawaru
 38355 | Elf:1    | Identified the Tome of Confrontation and Summoning
 38448 | Elf:1    | Reached ** piety under Okawaru
 39213 | Elf:1    | Found a portal to a secret trove of treasure.
 39715 | Elf:2    | Noticed Roxanne
 39732 | Elf:2    | Killed Roxanne
 39739 | Elf:2    | Identified Roxanne's Compendium of Mutagenic Clay (You took it off Roxanne on level 2 of the Elven Halls)
 39769 | Elf:2    | Reached *** piety under Okawaru
 39786 | Elf:2    | HP: 10/259 [deep elf knight/stone arrow (16)]
 40462 | Elf:2    | Found Darar's Assorted Antiques.
 40483 | Elf:2    | Bought a scroll labeled JYRAUSIRESE for 38 gold pieces
 40483 | Elf:2    | Bought a scroll labeled YTRURAUDWA for 38 gold pieces
 40727 | Elf:2    | Found a runed door.
 40755 | Elf:2    | Found a runed door.
 40835 | Elf:2    | Reached XP level 20. HP: 88/272 MP: 6/20
 41419 | Elf:2    | Found a roughly hewn altar of Beogh.
 41576 | Elf:2    | Reached **** piety under Okawaru
 42972 | Vaults:1 | Entered Level 1 of the Vaults
 43677 | Vaults:1 | Found Fampuh's Assorted Antiques.
 43775 | Vaults:1 | Reached ***** piety under Okawaru
 43913 | Vaults:1 | Received a gift from Okawaru
 44347 | Elf:1    | You paid a toll of a +3 fire dragon armour to enter a treasure trove
 44348 | Trove    | Entered a treasure trove
 44357 | Trove    | Got a pitted bronze ring
 44391 | Trove    | Got a bound glass ring
 44403 | Trove    | Got a crude giant club
 44404 | Trove    | Identified the ring "Onuecoxt" {Dex+10 Stlth+} (You found it in a treasure trove)
 44405 | Trove    | Identified the ring "Yphemagh" {rC+ Slay+4} (You found it in a treasure trove)
 44933 | Depths:1 | Entered Level 1 of the Depths
 45058 | Depths:1 | Reached skill level 27 in Fighting
 45200 | Depths:1 | Found a magical portal.
 45209 | WizLab   | Entered The Hall of Zimuish the Hellbinder
 45902 | WizLab   | Found a burning altar of Makhleb.
 45923 | WizLab   | Received a gift from Okawaru
 45939 | WizLab   | Identified Hyipewef's Compendium of the Enchanting Entourage
 45975 | WizLab   | Got an ancient mace
 46427 | WizLab   | Identified the Incunabulum of Companions
 46797 | Depths:1 | Reached skill level 15 in Dodging
 46834 | Depths:1 | Reached XP level 21. HP: 291/291 MP: 21/21
 47172 | Depths:1 | Found a one-way gate to the infinite horrors of the Abyss.
 47172 | Depths:1 | Noticed Louise
 47191 | Depths:1 | Killed Louise
 47350 | Depths:1 | Received a gift from Okawaru
 47531 | Depths:1 | Found a gateway to Hell.
 48605 | Depths:2 | Shot with a bolt by a yaktaur

Action                   |  1- 3 |  4- 6 |  7- 9 | 10-12 | 13-15 | 16-18 | 19-21 || total
-------------------------+-------+-------+-------+-------+-------+-------+-------++-------
Melee: Mace              |    88 |    46 |       |       |       |       |       ||   134
       Flail             |       |    77 |   292 |   445 |   131 |       |       ||   945
       Whip              |       |       |       |       |   267 |       |       ||   267
       Giant spiked club |       |       |       |       |  1073 |  1574 |   847 ||  3494
       Giant club        |       |       |       |       |       |       |   534 ||   534
       Great mace        |       |       |       |       |       |       |    23 ||    23
Invok: Berserk           |     2 |     3 |     6 |     7 |     8 |     2 |       ||    28
       Trog's Hand       |       |     1 |       |     3 |     2 |     1 |     1 ||     8
       Brothers in Arms  |       |       |       |     1 |     1 |     3 |     4 ||     9
       Burn Spellbooks   |       |       |       |       |     1 |     2 |     1 ||     4
       Heroism           |       |       |       |       |       |       |     7 ||     7
  Use: Scroll            |       |       |       |    28 |    11 |    11 |    30 ||    80
       Potion            |       |       |       |     2 |     4 |     9 |    21 ||    36
 Stab: Sleeping          |     2 |       |     1 |       |     3 |     1 |       ||     7
       Distracted        |       |       |       |       |     1 |     1 |     1 ||     3
  Eat: Meat ration       |     1 |       |     2 |     1 |     3 |     3 |     5 ||    15
       Chunk             |       |     4 |     4 |    11 |    10 |     1 |     2 ||    32
       Beef jerky        |       |       |     1 |     1 |     6 |     2 |     5 ||    15
       Pizza             |       |       |       |     2 |     2 |     1 |     2 ||     7
       Fruit             |       |       |       |       |    26 |    21 |    10 ||    57
       Royal jelly       |       |       |       |       |     1 |       |    10 ||    11
